 Dungeon Crawl Stone Soup version 0.22-a0-271-gc000056 (webtiles) character file.

3864 tidbits the Martial Artist (level 10, -1/76 HPs)
             Began as a Gnoll Transmuter on Mar 11, 2018.
             Was a Priest of Cheibriados.
             Slain by a bullfrog (3 damage)
             ... on level 9 of the Dungeon.
             The game lasted 00:24:08 (2246 turns).

tidbits the Martial Artist (Gnoll Transmuter)       Turns: 2246, Time: 00:24:09

Health: -1/76      AC:  3    Str: 18    XL:     10   Next: 19%
Magic:  2/20       EV: 18    Int: 25    God:    Cheibriados [***...]
Gold:   271        SH:  0    Dex: 22    Spells: 6/23 levels left

rFire    + . .     SeeInvis .     - Unarmed
rCold    . . .     Gourm    .   (shield currently unavailable)
rNeg     . . .     Faith    .   B - +0 robe
rPois    .         Spirit   .   (no helmet)
rElec    .         Reflect  .   C - +0 cloak
rCorr    .         Harm     .   (gloves currently unavailable)
MR       .....     Clarity  +   (no boots)
Stlth    +++.......             (no amulet)
HPRegen  1.22/turn              (no ring)
MPRegen  0.17/turn              (no ring)

@: lethally poisoned (-1 -> -2), blade hands, regenerating, very slow
A: distributed training, fangs 1, clarity, fire resistance 1, strong nose
a: End Transformation, Bend Time, Temporal Distortion, Renounce Religion


You were on level 9 of the Dungeon.
You worshipped Cheibriados.
Cheibriados was most pleased with you.
You were not hungry.
You had blades for hands.
You visited 3 branches of the dungeon, and saw 12 of its levels.

You collected 271 gold pieces.

Inventory:

Hand Weapons
 a - a +0 dagger
 q - the +0 mace "Eceennuo" {crush, +Rage rF+ rC-}
   (You found it on level 5 of the Dungeon)

   It inflicts extra damage upon your enemies.
   It protects you from fire.
   It makes you vulnerable to cold.
   It lets you go berserk.
 r - a +3 flail of protection
   (You took it off Edmund on level 6 of the Dungeon)
 y - a +4 scimitar of flaming
   (You took it off Erica on level 8 of the Dungeon)
Missiles
 c - 43 arrows
 h - 57 stones
 t - 4 tomahawks (quivered)
Armour
 e - a +0 scale mail of fire resistance
   (You found it on level 1 of the Dungeon)
 l - a +0 shield
 B - a +0 robe (worn)
 C - a +0 cloak (worn)
Jewellery
 u - an uncursed ring of teleportation
   (You found it on level 6 of the Dungeon)
Wands
 j - a wand of polymorph (15)
Scrolls
 f - a scroll of noise
 g - a scroll of amnesia
 k - a scroll of enchant weapon
 n - 2 scrolls of fog
 s - a scroll of torment
 w - a scroll of immolation {unknown}
 x - a scroll of blinking {unknown}
Potions
 b - a potion of haste {unknown}
 i - 3 potions of curing
 m - 4 potions of flight
 p - a potion of degeneration
 v - a potion of berserk rage {unknown}
 z - a potion of mutation {!q}
Comestibles
 d - 8 rations


   Skills:
 + Level 5.6 Fighting
 + Level 4.9 Short Blades
 + Level 4.9 Long Blades
 + Level 4.9 Axes
 + Level 4.9 Maces & Flails
 + Level 4.9 Polearms
 + Level 4.9 Staves
 + Level 4.9 Slings
 + Level 4.9 Bows
 + Level 4.9 Crossbows
 + Level 4.9 Throwing
 + Level 4.9 Armour
 + Level 6.8 Dodging
 + Level 4.9 Stealth
 + Level 4.9 Shields
 + Level 8.3 Unarmed Combat
 + Level 7.1 Spellcasting
 + Level 4.1 Conjurations
 + Level 4.1 Hexes
 + Level 4.1 Charms
 + Level 4.1 Summonings
 + Level 4.1 Necromancy
 + Level 4.1 Translocations
 + Level 5.6 Transmutations
 + Level 4.1 Fire Magic
 + Level 4.1 Ice Magic
 + Level 4.1 Air Magic
 + Level 4.1 Earth Magic
 + Level 4.1 Poison Magic
 + Level 5.4 Invocations
 + Level 4.9 Evocations


You had 6 spell levels left.
You knew the following spells:

 Your Spells              Type           Power        Failure   Level  Hunger
a - Sandblast             Erth           ####..       17%         1    None
e - Beastly Appendage     Tmut           #####.       13%         1    None
h - Blade Hands           Tmut           #####.....   61%         5    #####..
k - Sticks to Snakes      Tmut           #####...     16%         2    None
p - Passwall              Tmut/Erth      ####......   17%         2    None
r - Regeneration          Chrm/Necr      ####......   28%         3    None
P - Spider Form           Tmut/Pois      ####......   24%         3    None


Dungeon Overview and Level Annotations

Branches:
Dungeon (10/15)            Temple (1/1) D:5            Lair (1/6) D:8
    Orc: D:9-12

Altars:
Ashenzari
Cheibriados
Dithmenos
Fedhas
Hepliaklqana
Makhleb
Okawaru
Qazlal
Ru
Sif Muna
Trog
Uskayaw
Vehumet
Xom
Zin
The Shining One
Lugonu

Shops:
D:6 [   D:8 =

Annotations:
D:4 varam's ghost, amateur KoAr


Innate Abilities, Weirdness & Mutations

Your experience applies equally to all skills.
You have very sharp teeth.
Your uncanny sense of smell can sniff out nearby items.
You possess an exceptional clarity of mind.
Your flesh is heat resistant. (rF+)


Message History

t - 4 tomahawks (gained 1)
Your skin is crawling a little less now.
You see here 13 sling bullets.
Found a deep blue altar of Sif Muna.
Casting: Regeneration (safe; 4% risk of failure)
Confirm with . or Enter, or press ? or * to list all spells.
Your skin crawls.
Found an iron altar of Okawaru.
Found an escape hatch in the floor.
Found a club.
Your ball python withers and dies!
Your magical contamination has completely faded away.
Your skin is crawling a little less now.
You see here a club.
Unknown command.
Your skin stops crawling.
Found 15 stones and 12 poisoned needles.
Found a ration.
Tidbits's ghost (novice Gnoll Transmuter) comes into view.
It is wielding a weapon of venom.
You see here 15 stones.
h - 57 stones (gained 15) Quiver which item? (- for none, * to show all) (? for menu, Esc to quit)
Okay, then.
It was a potion of curing.
You feel better.
Tidbits's ghost turns its malevolent gaze towards you.
Okay, then.
Unknown command.
Evoke which item? (* to show all) (? for menu, Esc to quit)
Okay, then.
Casting: Regeneration (safe; 4% risk of failure)
Confirm with . or Enter, or press ? or * to list all spells.
Your hands turn into razor-sharp scythe blades.
Tidbits's ghost shouts, "They lied to you.
The Dungeon just goes down and down forever."
A bullfrog comes into view.
Casting: Blade Hands (very dangerous; 61% risk of failure)
Confirm with . or Enter, or press ? or * to list all spells.
Your skin crawls.
Unknown command.
Okay, then.
Tidbits's ghost hits you!
You are poisoned.
You closely miss tidbits's ghost.
You feel sick.
You barely miss tidbits's ghost.
You feel sick. Tidbits's ghost hits you!
You are more poisoned.
You slice tidbits's ghost!! Your bite misses tidbits's ghost.
Tidbits's ghost is heavily damaged.
You feel sick. Tidbits's ghost hits you!!
* * * LOW HITPOINT WARNING * * *
You are more poisoned.
The bullfrog closely misses you.
You slash tidbits's ghost!
Tidbits's ghost is severely damaged.
You feel sick. Tidbits's ghost barely misses you.
The bullfrog closely misses you.
You miss tidbits's ghost.
You bite tidbits's ghost, but do no damage.
Tidbits's ghost is severely damaged.
You feel sick. The bullfrog barely misses you. Tidbits's ghost hits you!
* * * LOW HITPOINT WARNING * * *
You are lethally poisoned!
You slash tidbits's ghost!
Tidbits's ghost is severely damaged.
* * * LOW HITPOINT WARNING * * *
You feel very sick. The bullfrog barely misses you.
Tidbits's ghost closely misses you. The bullfrog misses you.
You feel better. The bullfrog hits you.
* * * LOW HITPOINT WARNING * * *
Tidbits's ghost hits you!
* * * LOW HITPOINT WARNING * * *
You are poisoned.
Unknown command.
You miss tidbits's ghost.
Tidbits's ghost is severely damaged.
You feel sick. The bullfrog completely misses you.
Tidbits's ghost barely misses you.
Okay, then.
You slash tidbits's ghost!
Tidbits's ghost is almost destroyed.
The bullfrog hits you.
* * * LOW HITPOINT WARNING * * *
The bullfrog hits you!
* * * LOW HITPOINT WARNING * * *
Tidbits's ghost hits you but does no damage.
You slash tidbits's ghost!
You destroy tidbits's ghost!
Cheibriados appreciates the change of pace.
Your Spellcasting skill increases to level 7!
Your Conjurations skill increases to level 4!
Your Hexes skill increases to level 4!
Your Charms skill increases to level 4!
Your Summonings skill increases to level 4!
Your Necromancy skill increases to level 4!
Your Translocations skill increases to level 4!
Your Fire Magic skill increases to level 4!
Your Ice Magic skill increases to level 4!
Your Air Magic skill increases to level 4!
Your Earth Magic skill increases to level 4!
Your Poison Magic skill increases to level 4!
You feel sick. The bullfrog hits you.
You die...

#.............#
#.............#
#.............#
#.............#
#.............#
#.....%.......#
#....(........# .
#.......F.....# .
#.......@.....# >#####
#.............# .....##
#.............# .._...#
#.............# ..8...#
#.............#
.._...###.............#
........).............#
..#######.............#
.## #............


You could see a bullfrog.

Vanquished Creatures
  A two-headed ogre (D:9)
  The ghost of tidbits the Martial Artist, a novice GnTm of Cheibriados (D:9)
  A troll (D:9)
  A hungry ghost (D:7)
  Edmund (D:6)
  Duvessa (D:6)
  2 ogres
  A phantom (D:8)
  3 bullfrogs
  Dowan (D:6)
  A wyvern zombie (D:7)
  A scorpion (D:4)
  3 killer bees (D:7)
  A howler monkey (D:5)
  2 crimson imps
  A centaur skeleton (D:5)
  2 hounds
  An orc priest (D:4)
  Crazy Yiuf (D:5)
  2 orc wizards
  An iguana (D:5)
  7 worker ants
  2 worker ant zombies (D:9)
  7 adders
  4 shadow imps
  An adder zombie (D:7)
  2 adder skeletons (D:4)
  A worm (D:3)
  4 orcs
  4 giant cockroaches
  A goblin (D:1)
  5 jackals (D:4)
  2 kobolds
  A frilled lizard (D:5)
  2 jackal skeletons
  A rat (D:1)
73 creatures vanquished.

Vanquished Creatures (collateral kills)
  Erica (D:8)
  An ogre (D:4)
  A centaur skeleton (D:9)
  A bullfrog skeleton (D:8)
  An orc (D:4)
5 creatures vanquished.

Vanquished Creatures (others)
  5 plants (D:7)
5 creatures vanquished.

Grand Total: 83 creatures vanquished

Notes
Turn   | Place    | Note
-------+----------+-------------------------------------------
     0 | D:1      | tidbits the Gnoll Transmuter began the quest for the Orb.
     0 | D:1      | Reached XP level 1. HP: 17/17 MP: 6/6
   132 | D:2      | Found a bloodstained altar of Trog.
   165 | D:3      | Reached XP level 2. HP: 19/23 MP: 5/7
   169 | D:3      | Learned a level 2 spell: Sticks to Snakes
   225 | D:4      | Found a radiant altar of Vehumet.
   226 | D:4      | Found a glowing silver altar of Zin.
   276 | D:4      | Reached XP level 3. HP: 25/28 MP: 0/9
   283 | D:4      | Learned a level 3 spell: Spider Form
   305 | D:4      | Reached skill level 5 in Spellcasting
   317 | D:4      | Noticed a scorpion
   357 | D:4      | Reached skill level 1 in Invocations
   412 | D:4      | Noticed varam's ghost (amateur KoAr)
   414 | D:5      | Entered Level 5 of the Dungeon
   440 | D:5      | Reached skill level 1 in Short Blades
   440 | D:5      | Reached skill level 1 in Long Blades
   440 | D:5      | Reached skill level 1 in Axes
   440 | D:5      | Reached skill level 1 in Maces & Flails
   440 | D:5      | Reached skill level 1 in Polearms
   440 | D:5      | Reached skill level 1 in Staves
   440 | D:5      | Reached skill level 1 in Slings
   440 | D:5      | Reached skill level 1 in Bows
   440 | D:5      | Reached skill level 1 in Crossbows
   440 | D:5      | Reached skill level 1 in Throwing
   440 | D:5      | Reached skill level 1 in Armour
   440 | D:5      | Reached skill level 1 in Stealth
   440 | D:5      | Reached skill level 1 in Shields
   440 | D:5      | Reached skill level 1 in Evocations
   440 | D:5      | Reached XP level 4. HP: 14/34 MP: 2/11
   485 | D:5      | Found a staircase to the Ecumenical Temple.
   494 | Temple   | Entered the Ecumenical Temple
   510 | Temple   | Became a worshipper of Cheibriados the Contemplative
   563 | D:4      | Reached skill level 1 in Conjurations
   563 | D:4      | Reached skill level 1 in Hexes
   563 | D:4      | Reached skill level 1 in Charms
   563 | D:4      | Reached skill level 1 in Summonings
   563 | D:4      | Reached skill level 1 in Necromancy
   563 | D:4      | Reached skill level 1 in Translocations
   563 | D:4      | Reached skill level 1 in Fire Magic
   563 | D:4      | Reached skill level 1 in Ice Magic
   563 | D:4      | Reached skill level 1 in Air Magic
   563 | D:4      | Reached skill level 1 in Earth Magic
   563 | D:4      | Reached skill level 1 in Poison Magic
   563 | D:4      | Reached XP level 5. HP: 19/40 MP: 4/12
   583 | D:4      | HP: 4/40 [poisoned by a scorpion]
   590 | D:4      | HP: 4/40 [poisoned by a scorpion]
   659 | D:4      | Found a glowing golden altar of the Shining One.
   674 | D:4      | Reached skill level 3 in Fighting
   679 | D:4      | Reached skill level 4 in Transmutations
   690 | D:4      | Noticed an ogre
   700 | D:4      | Killed an ogre
   700 | D:4      | Reached skill level 2 in Invocations
   700 | D:4      | Reached XP level 6. HP: 10/47 MP: 3/13
   877 | D:5      | Reached skill level 5 in Dodging
   901 | D:5      | Reached skill level 2 in Short Blades
   901 | D:5      | Reached skill level 2 in Long Blades
   901 | D:5      | Reached skill level 2 in Axes
   901 | D:5      | Reached skill level 2 in Maces & Flails
   901 | D:5      | Reached skill level 2 in Polearms
   901 | D:5      | Reached skill level 2 in Staves
   901 | D:5      | Reached skill level 2 in Slings
   901 | D:5      | Reached skill level 2 in Bows
   901 | D:5      | Reached skill level 2 in Crossbows
   901 | D:5      | Reached skill level 2 in Throwing
   901 | D:5      | Reached skill level 2 in Armour
   901 | D:5      | Reached skill level 2 in Stealth
   901 | D:5      | Reached skill level 2 in Shields
   901 | D:5      | Reached skill level 2 in Evocations
   922 | D:5      | Reached * piety under Cheibriados
   939 | D:5      | Found a shattered altar of Ashenzari.
  1078 | D:5      | Found a runed door.
  1082 | D:5      | Noticed Crazy Yiuf
  1091 | D:5      | Killed Crazy Yiuf
  1095 | D:5      | Got a scorched mace
  1112 | D:5      | Identified the cursed +0 mace "Eceennuo" {crush, +Rage rF+ rC-} (You found it on level 5 of the Dungeon)
  1174 | D:5      | Reached XP level 7. HP: 52/52 MP: 11/15
  1179 | D:5      | You fall through a shaft for 2 floors!
  1196 | D:7      | Reached skill level 7 in Unarmed Combat
  1240 | D:7      | Reached skill level 2 in Conjurations
  1240 | D:7      | Reached skill level 2 in Hexes
  1240 | D:7      | Reached skill level 2 in Charms
  1240 | D:7      | Reached skill level 2 in Summonings
  1240 | D:7      | Reached skill level 2 in Necromancy
  1240 | D:7      | Reached skill level 2 in Translocations
  1240 | D:7      | Reached skill level 2 in Fire Magic
  1240 | D:7      | Reached skill level 2 in Ice Magic
  1240 | D:7      | Reached skill level 2 in Air Magic
  1240 | D:7      | Reached skill level 2 in Earth Magic
  1240 | D:7      | Reached skill level 2 in Poison Magic
  1273 | D:7      | Reached skill level 3 in Invocations
  1300 | D:7      | Learned a level 2 spell: Passwall
  1302 | D:7      | Learned a level 1 spell: Sandblast
  1399 | D:7      | Reached ** piety under Cheibriados
  1399 | D:7      | Reached XP level 8. HP: 36/60 MP: 13/16
  1600 | D:6      | Found Enoob's Antique Armour Emporium.
  1610 | D:6      | Noticed Edmund
  1623 | D:6      | Killed Edmund
  1623 | D:6      | Reached skill level 4 in Fighting
  1623 | D:6      | Reached skill level 3 in Short Blades
  1623 | D:6      | Reached skill level 3 in Long Blades
  1623 | D:6      | Reached skill level 3 in Axes
  1623 | D:6      | Reached skill level 3 in Maces & Flails
  1623 | D:6      | Reached skill level 3 in Polearms
  1623 | D:6      | Reached skill level 3 in Staves
  1623 | D:6      | Reached skill level 3 in Slings
  1623 | D:6      | Reached skill level 3 in Bows
  1623 | D:6      | Reached skill level 3 in Crossbows
  1623 | D:6      | Reached skill level 3 in Throwing
  1623 | D:6      | Reached skill level 3 in Armour
  1623 | D:6      | Reached skill level 3 in Stealth
  1623 | D:6      | Reached skill level 3 in Shields
  1623 | D:6      | Reached skill level 3 in Evocations
  1649 | D:6      | Noticed Dowan
  1651 | D:6      | Noticed Duvessa
  1664 | D:6      | Killed Duvessa
  1664 | D:6      | Reached skill level 6 in Spellcasting
  1667 | D:6      | Killed Dowan
  1778 | D:8      | Found a shimmering altar of Xom.
  1795 | D:8      | Learned a level 5 spell: Blade Hands
  1829 | D:8      | Gained mutation: Your flesh is heat resistant. (rF+) [potion of mutation]
  1829 | D:8      | Gained mutation: You possess an exceptional clarity of mind. [potion of mutation]
  1832 | D:8      | Found a staircase to the Lair.
  1847 | Lair:1   | Entered Level 1 of the Lair of Beasts
  1867 | D:8      | Found Batowet's Jewellery Shoppe.
  2023 | D:8      | Reached skill level 4 in Invocations
  2053 | D:8      | Noticed Erica
  2066 | D:8      | Reached skill level 3 in Conjurations
  2066 | D:8      | Reached skill level 3 in Hexes
  2066 | D:8      | Reached skill level 3 in Charms
  2066 | D:8      | Reached skill level 3 in Summonings
  2066 | D:8      | Reached skill level 3 in Necromancy
  2066 | D:8      | Reached skill level 3 in Translocations
  2066 | D:8      | Reached skill level 3 in Fire Magic
  2066 | D:8      | Reached skill level 3 in Ice Magic
  2066 | D:8      | Reached skill level 3 in Air Magic
  2066 | D:8      | Reached skill level 3 in Earth Magic
  2066 | D:8      | Reached skill level 3 in Poison Magic
  2074 | D:8      | Killed Erica
  2074 | D:8      | Reached skill level 4 in Short Blades
  2074 | D:8      | Reached skill level 4 in Long Blades
  2074 | D:8      | Reached skill level 4 in Axes
  2074 | D:8      | Reached skill level 4 in Maces & Flails
  2074 | D:8      | Reached skill level 4 in Polearms
  2074 | D:8      | Reached skill level 4 in Staves
  2074 | D:8      | Reached skill level 4 in Slings
  2074 | D:8      | Reached skill level 4 in Bows
  2074 | D:8      | Reached skill level 4 in Crossbows
  2074 | D:8      | Reached skill level 4 in Throwing
  2074 | D:8      | Reached skill level 4 in Armour
  2074 | D:8      | Reached skill level 6 in Dodging
  2074 | D:8      | Reached skill level 4 in Stealth
  2074 | D:8      | Reached skill level 4 in Shields
  2074 | D:8      | Reached skill level 5 in Transmutations
  2074 | D:8      | Reached skill level 4 in Evocations
  2074 | D:8      | Reached XP level 9. HP: 42/67 MP: 6/18
  2102 | D:8      | Learned a level 3 spell: Regeneration
  2113 | D:8      | Reached skill level 5 in Fighting
  2121 | D:9      | Noticed a troll
  2131 | D:9      | Killed a troll
  2174 | D:10     | Entered Level 10 of the Dungeon
  2180 | D:9      | Noticed a two-headed ogre
  2194 | D:9      | Killed a two-headed ogre
  2194 | D:9      | Reached *** piety under Cheibriados
  2194 | D:9      | Reached skill level 8 in Unarmed Combat
  2194 | D:9      | Reached skill level 5 in Invocations
  2195 | D:9      | Reached XP level 10. HP: 19/74 MP: 7/20
  2211 | D:9      | Found a deep blue altar of Sif Muna.
  2213 | D:9      | Found an iron altar of Okawaru.
  2230 | D:9      | Noticed tidbits's ghost (novice GnTm)
  2245 | D:9      | HP: 1/74 [bullfrog (8)]
  2246 | D:9      | Killed tidbits's ghost
  2246 | D:9      | Reached skill level 7 in Spellcasting
  2246 | D:9      | Reached skill level 4 in Conjurations
  2246 | D:9      | Reached skill level 4 in Hexes
  2246 | D:9      | Reached skill level 4 in Charms
  2246 | D:9      | Reached skill level 4 in Summonings
  2246 | D:9      | Reached skill level 4 in Necromancy
  2246 | D:9      | Reached skill level 4 in Translocations
  2246 | D:9      | Reached skill level 4 in Fire Magic
  2246 | D:9      | Reached skill level 4 in Ice Magic
  2246 | D:9      | Reached skill level 4 in Air Magic
  2246 | D:9      | Reached skill level 4 in Earth Magic
  2246 | D:9      | Reached skill level 4 in Poison Magic
  2246 | D:9      | Slain by a bullfrog

Vault maps used:
D:1:      dpeg_arrival_simpleton_c, minivault_19, st_stairs_12
D:2:      gammafunk_temple_of_torment, overflow_temple_1_default, first_ration,
          minivault_25, uniq_jessica
D:3:      lemuel_crystal_altar, lemuel_crystal_altar
D:4:      gammafunk_temple_overflow_statue, nicolae_tso_carved_into_rock
D:5:      grunt_temple_overflow_opulence, lemuel_round_altar,
          minmay_temple_entry_mist, supply_closet_lemuel, serial_park_tiny_1,
          corexii_hall_statues_deadend, goddamned_bats, uniq_grinder,
          uniq_crazy_yiuf_cottage
D:6:      serial_shops, nicolae_shop_window_shopping,
          nicolae_ossuary_entry_plus, uniq_edmund, uniq_duvessa,
          uniq_blork_the_orc
D:7:      serial_bayou, serial_bayou_lagoon_b, serial_bayou_pond_d,
          serial_bayou_shore_a, serial_bayou_crossing, minmay_strange_pillars,
          grunt_ministairs_8, grunt_livestock
D:8:      lemuel_coloured_pillars_altar, lair_entry_dummy, serial_shops,
          nicolae_shop_temple_entry_statues_fountains,
          nicolae_ru_the_path_less_chosen, uniq_erica
D:9:      chequers_temple_overflow_statue_of_worship, basic_altar,
          nicolae_underground_beach
D:10:     corner_web_ring
Temple:   corrupted_temple
Lair:1:   uniq_gastronok

Skill      XL: |  1  2  3  4  5  6  7  8  9 10 |
---------------+-------------------------------+-----
Spellcasting   | 5 6 7 |  7.1
Invocations    | 1 2 3 4 5 |  5.4
Short Blades   | 1 2 4 |  4.9
Long Blades    | 1 2 4 |  4.9
Axes           | 1 2 4 |  4.9
Maces & Flails | 1 2 4 |  4.9
Polearms       | 1 2 4 |  4.9
Staves         | 1 2 4 |  4.9
Slings         | 1 2 4 |  4.9
Bows           | 1 2 4 |  4.9
Crossbows      | 1 2 4 |  4.9
Throwing       | 1 2 4 |  4.9
Armour         | 1 2 4 |  4.9
Stealth        | 1 2 4 |  4.9
Shields        | 1 2 4 |  4.9
Evocations     | 1 2 4 |  4.9
Conjurations   | 1 2 3 4 |  4.1
Hexes          | 1 2 3 4 |  4.1
Charms         | 1 2 3 4 |  4.1
Summonings     | 1 2 3 4 |  4.1
Necromancy     | 1 2 3 4 |  4.1
Translocations | 1 2 3 4 |  4.1
Fire Magic     | 1 2 3 4 |  4.1
Ice Magic      | 1 2 3 4 |  4.1
Air Magic      | 1 2 3 4 |  4.1
Earth Magic    | 1 2 3 4 |  4.1
Poison Magic   | 1 2 3 4 |  4.1
Fighting       | 3 4 5 |  5.6
Transmutations | 4 5 |  5.6
Dodging        | 5 6 |  6.8
Unarmed Combat | 7 8 |  8.3

Action                   |  1- 3 |  4- 6 |  7- 9 | 10-12 || total
-------------------------+-------+-------+-------+-------++-------
Melee: Unarmed           |    43 |    57 |   134 |     9 ||   243
       Bite              |     3 |     2 |     4 |     1 ||    10
       Headbutt          |     1 |       |     1 |       ||     2
       Dagger            |     1 |     7 |     5 |       ||    13
       Mace              |       |       |     1 |       ||     1
       Punch             |       |       |     1 |       ||     1
Throw: Tomahawk          |       |       |    11 |       ||    11
 Cast: Beastly Appendage |     8 |       |     1 |       ||     9
       Sticks to Snakes  |     3 |     6 |    10 |       ||    19
       Spider Form       |     3 |    13 |    17 |       ||    33
       Sandblast         |       |       |     3 |       ||     3
       Passwall          |       |       |     4 |       ||     4
       Blade Hands       |       |       |     2 |     1 ||     3
       Regeneration      |       |       |     2 |     3 ||     5
 Abil: End Transformatio |       |       |     3 |     1 ||     4
  Use: Potion            |       |     3 |     2 |     2 ||     7
       Scroll            |       |     8 |     4 |       ||    12
 Stab: Sleeping          |     1 |     4 |     4 |       ||     9
       Distracted        |     1 |       |     1 |       ||     2
  Eat: Ration            |     1 |       |     1 |       ||     2
       Chunk             |       |       |     2 |       ||     2
Armor: Robe              |     5 |     1 |     1 |     1 ||     8
       Skin              |     1 |     3 |     2 |       ||     6
Dodge: Dodged            |    32 |    49 |   133 |     9 ||   223

Table legend:
 A = Spawn XP
 B = Non-spawn XP
 C = Spawn XP percentage of total XP
 D = Spawn monster count
 E = Non-spawn monster count
 F = Spawn count percentage of total count
 G = Total turns spent on level
                    A         B        C        D         E        F      G
               +---------+---------+-------+---------+---------+-------+---------
         Total |       0 |    5520 |   0.0 |       0 |      78 |   0.0 |  2246
               +---------+---------+-------+---------+---------+-------+---------
           D:1 |       0 |       5 |   0.0 |       0 |       3 |   0.0 |   132
           D:2 |       0 |       3 |   0.0 |       0 |       2 |   0.0 |    26
           D:3 |       0 |       7 |   0.0 |       0 |       2 |   0.0 |    61
           D:4 |       0 |     318 |   0.0 |       0 |      18 |   0.0 |   434
           D:5 |       0 |     301 |   0.0 |       0 |      11 |   0.0 |   500
           D:6 |       0 |     546 |   0.0 |       0 |       7 |   0.0 |   214
           D:7 |       0 |     856 |   0.0 |       0 |      20 |   0.0 |   389
           D:8 |       0 |    1292 |   0.0 |       0 |       8 |   0.0 |   327
           D:9 |       0 |    2192 |   0.0 |       0 |       7 |   0.0 |   118
               +---------+---------+-------+---------+---------+-------+---------

Table legend:
 A = Turns spent in this place as a percentage of turns spent in the entire game.
 B = Non-inter-level travel turns spent in this place as a percentage of non-inter-level travel turns spent in the entire game.
 C = Inter-level travel turns spent in this place as a percentage of turns spent in this place.
 D = Turns resting spent in this place as a percentage of non-inter-level travel turns spent in this place.
 E = Turns spent auto-exploring this place as a percentage of non-inter-level travel turns spent in this place.
 F = Non-inter-level travel turns spent in this place divided by the number of levels of this place that you've seen.
                   A       B       C       D       E      F
               +-------+-------+-------+-------+-------+----------------------
         Total | 100.0 | 100.0 |   0.7 |   0.0 |   0.0 | 185.9
       Dungeon |  98.1 |  98.8 |   0.0 |   0.0 |   0.0 | 220.4
        Temple |   1.5 |   0.8 |  45.5 |   0.0 |   0.0 |  18.0
          Lair |   0.4 |   0.4 |   0.0 |   0.0 |   0.0 |   9.0
               +-------+-------+-------+-------+-------+----------------------

Table legend:
 A = Kills in this place as a percentage of kills in entire the game.
 B = Kills by you in this place as a percentage of kills by you in the entire game.
 C = Kills by friends in this place as a percentage of kills by friends in the entire game.
 D = Other kills in this place as a percentage of other kills in the entire game.
 E = Experience gained in this place as a percentage of experience gained in the entire game.
 F = Experience gained in this place divided by the number of levels of this place that you have seen.
                   A       B       C       D       E      F
               +-------+-------+-------+-------+-------+----------------------
         Total | 100.0 | 100.0 | 100.0 |   N/A | 100.0 | 460.0
       Dungeon | 100.0 | 100.0 | 100.0 |   N/A | 100.0 | 552.0
               +-------+-------+-------+-------+-------+----------------------

Vault maps used:
D:1:      dpeg_arrival_simpleton_c, minivault_19, st_stairs_12
D:2:      gammafunk_temple_of_torment, overflow_temple_1_default, first_ration,
          minivault_25, uniq_jessica
D:3:      lemuel_crystal_altar, lemuel_crystal_altar
D:4:      gammafunk_temple_overflow_statue, nicolae_tso_carved_into_rock
D:5:      grunt_temple_overflow_opulence, lemuel_round_altar,
          minmay_temple_entry_mist, supply_closet_lemuel, serial_park_tiny_1,
          corexii_hall_statues_deadend, goddamned_bats, uniq_grinder,
          uniq_crazy_yiuf_cottage
D:6:      serial_shops, nicolae_shop_window_shopping,
          nicolae_ossuary_entry_plus, uniq_edmund, uniq_duvessa,
          uniq_blork_the_orc
D:7:      serial_bayou, serial_bayou_lagoon_b, serial_bayou_pond_d,
          serial_bayou_shore_a, serial_bayou_crossing, minmay_strange_pillars,
          grunt_ministairs_8, grunt_livestock
D:8:      lemuel_coloured_pillars_altar, lair_entry_dummy, serial_shops,
          nicolae_shop_temple_entry_statues_fountains,
          nicolae_ru_the_path_less_chosen, uniq_erica
D:9:      chequers_temple_overflow_statue_of_worship, basic_altar,
          nicolae_underground_beach
D:10:     corner_web_ring
Temple:   corrupted_temple
Lair:1:   uniq_gastronok
